Map: Port Aleksander LE

Players

Uberpsycho - Winner!

  • Race: Terran Terran
  • League: Platinum
  • Spawn Location: 11:00

Sketchaphone

  • Race: Zerg Zerg
  • League: Gold
  • Spawn Location: 5:00

VOD

Have the link to the VOD?

Description

Time

  • Played on: Jan. 5, 2019, 2:48 p.m.
  • Length: 19:21
Show
View Real Time Build Order
Export as new Build Order

Uberpsycho Terran - Winner!

Build Orders:  

Get SALT Encoding   

  12  0:01  SCV  
  13  0:13  SCV  
  14  0:19  Supply Depot  
  14  0:25  SCV  
  15  0:41  SCV  
  16  0:47  Barracks  
  16  0:53  SCV  
  16  0:55  Refinery  
  17  1:05  SCV  
  17  1:10  Barracks  
  18  1:17  SCV  
  19  1:29  SCV  
  20  1:42  Reaper  
  20  1:45  Orbital Command  
  20  1:46  Refinery  
  21  2:00  Reaper  
  22  2:16  Command Center  
  22  2:20  SCV  
  23  2:35  Supply Depot  
  23  2:53  Factory  
  23  2:56  Marine x2, SCV  
  26  3:14  Marine x2  
  27  3:41  Factory Tech Lab  
  27  3:43  Orbital Command  
  27  3:50  Starport  
  27  3:52  Marine x2  
  27  3:53  SCV  
  30  3:56  Engineering Bay  
  30  4:05  SCV  
  30  4:06  Siege Tank  
  30  4:09  Marine  
  34  4:10  Marine  
  34  4:11  Factory  
  34  4:13  Orbital Command  
  36  4:44  Bunker  
  36  4:49  Bunker x2  
  36  5:00  SCV  
  36  5:02  SCV  
  38  5:08  Barracks Reactor  
  38  5:13  Barracks Tech Lab, SCV  
  39  5:14  SCV  
  39  5:15  Barracks  
  40  5:25  SCV  
  40  5:26  SCV  
  40  5:27  Factory Tech Lab  
  45  5:28  Siege Tank  
  45  5:29  Starport Reactor  
  45  5:37  SCV  
  46  5:45  Missile Turret  
  46  5:52  Missile Turret  
  46  5:53  Missile Turret  
  46  5:54  Refinery x2  
  46  5:59  Stimpack  
  46  6:02  Missile Turret  
  46  6:05  Supply Depot  
  46  6:09  Supply Depot  
  46  6:16  Barracks Tech Lab  
  46  6:27  Marine x2, SCV x2  
  49  6:39  SCV x2  
  45  6:48  Bunker  
  45  6:50  Bunker  
  45  7:02  Marine  
  45  7:03  Marauder x2, Marine  
  45  7:04  Siege Tank x2  
  45  7:05  Medivac  
  45  7:06  Viking  
  61  7:20  Marine  
  62  7:37  Supply Depot  
  62  7:39  Supply Depot  
  62  7:41  Supply Depot  
  62  7:48  Concussive Shells  
  62  7:58  Marine, Siege Tank x2, SCV  
  62  8:01  Medivac, SCV, Viking  
  75  8:09  Command Center  
  75  8:10  SCV, Supply Depot x2  
  76  8:13  SCV  
  77  8:23  SCV  
  77  8:25  SCV  
  79  8:31  Marine x2  
  79  8:32  Marauder x2  
  85  8:42  SCV x2  
  85  8:47  Medivac x2  
  91  8:48  Marine  
  91  8:49  Marine  
  91  8:53  Marauder x2  
  97  9:21  Command Center  
  97  9:22  Command Center  
  97  9:23  Marauder x2, Marine x2  
  103  9:30  Orbital Command  
  103  9:33  Siege Tank  
  106  9:39  Siege Tank  
  107  10:22  Marauder x2, Marine  
  107  10:23  Marine  
  113  10:40  Marine  
  113  10:41  Marine  
  115  10:43  Marauder x2  
  119  10:58  Marine  
  120  11:04  Marauder  
  120  11:05  Marauder  
  124  11:22  Starport x2  
  124  11:23  Starport  
  124  11:26  Marauder x2  
  124  11:28  Fusion Core  
  124  11:29  Engineering Bay  
  124  11:31  Terran Infantry Weapons Level 1  
  128  11:34  Planetary Fortress  
  128  11:35  SCV x3  
  128  11:38  Planetary Fortress  
  131  11:45  Weapon Refit  
  131  11:47  Marauder, SCV x3  
  131  11:48  Marauder  
  138  11:59  SCV  
  138  12:00  SCV x2  
  141  12:04  Missile Turret  
  141  12:10  Missile Turret  
  141  12:11  SCV  
  141  12:12  SCV x2  
  141  12:13  Combat Shield  
  144  12:23  SCV  
  144  12:24  SCV x2  
  137  12:36  Starport Tech Lab x2  
  137  12:37  Starport Tech Lab  
  137  12:41  Starport  
  137  12:42  Terran Infantry Armor Level 1  
  137  12:49  Armory  
  137  12:51  Armory  
  137  12:55  Command Center  
  137  12:56  Command Center  
  137  12:59  Supply Depot  
  137  13:00  Supply Depot  
  137  13:02  Supply Depot  
  137  13:04  Supply Depot  
  137  13:06  Refinery  
  137  13:07  Supply Depot  
  137  13:08  SCV  
  137  13:10  Refinery  
  137  13:12  Refinery  
  138  13:13  Refinery  
  138  13:15  Missile Turret  
  138  13:16  Missile Turret  
  138  13:19  Sensor Tower  
  138  13:20  SCV  
  138  13:21  SCV  
  138  13:23  Sensor Tower  
  138  13:26  Starport Tech Lab  
  140  13:32  Battlecruiser, SCV  
  140  13:33  Battlecruiser x2, SCV  
  160  13:39  Terran Infantry Weapons Level 2  
  160  13:43  Medivac x2  
  160  13:44  SCV  
  160  13:45  SCV  
  166  13:56  SCV  
  166  13:57  SCV  
  168  14:08  SCV  
  168  14:09  SCV  
  170  14:13  Viking x2  
  142  14:47  Battlecruiser x3  
  142  14:50  Marine  
  142  14:51  Marine x3  
  160  14:54  Battlecruiser  
  162  15:08  Marine  
  162  15:09  Marine x3  
  166  15:26  Marine  
  166  15:27  Marine x3  
  164  15:29  Sensor Tower  
  164  15:30  Missile Turret  
  162  15:44  Marine x4  
  166  16:02  Marine x2  
  166  16:03  Marine  
  166  16:04  Marine  
  170  16:07  Terran Infantry Armor Level 2, Terran Infantry Weapons Level 3  
  170  16:10  Terran Ship Weapons Level 1, Terran Vehicle And Ship Armor Level 1  
  170  16:13  Battlecruiser  
  170  16:17  Battlecruiser  
  182  16:20  Marine x2  
  182  16:21  Marine x2  
  186  16:38  Marine x2  
  186  16:39  Marine x2  
  190  16:44  Planetary Fortress  
  190  16:46  Planetary Fortress  
  190  16:56  Marine x3  
  190  16:57  Marine  
  193  17:14  Marine x2  
  191  17:15  Missile Turret  
  191  17:21  Missile Turret  
  190  17:23  Missile Turret x2  
  190  17:30  SCV  
  190  17:35  Refinery x2  
  191  17:38  Battlecruiser  
  191  17:39  Raven  
  191  17:42  SCV  
  196  17:54  SCV  
  197  18:05  SCV  
  198  18:06  SCV  
  198  18:10  Missile Turret  
  199  18:15  Missile Turret  
  199  18:17  SCV  
Show
View Real Time Build Order
Export as new Build Order

Sketchaphone Zerg 

Build Orders: Hatch First 

Get SALT Encoding   

  12  0:03  Drone  
  13  0:13  Overlord  
  13  0:19  Drone  
  14  0:31  Drone x2  
  16  0:37  Drone  
  17  0:58  Hatchery  
  16  1:10  Spawning Pool  
  15  1:11  Extractor  
  15  1:13  Drone  
  15  1:18  Drone  
  16  1:22  Drone  
  17  1:33  Drone  
  17  1:38  Drone  
  19  1:46  Overlord  
  19  2:02  Drone  
  19  2:05  Queen  
  21  2:11  Queen  
  21  2:14  Drone  
  24  2:19  Metabolic Boost  
  24  2:26  Zergling x2  
  24  2:28  Drone  
  25  2:35  Drone x2  
  25  2:37  Drone  
  28  2:39  Drone  
  29  2:48  Overlord  
  29  3:05  Baneling Nest, Drone  
  30  3:06  Drone  
  30  3:07  Drone x2  
  30  3:22  Drone  
  30  3:23  Drone x5  
  35  3:32  Zergling x2  
  36  3:37  Zergling x2  
  37  3:43  Zergling x2  
  38  3:54  Overlord x2  
  38  4:01  Evolution Chamber  
  37  4:05  Pneumatized Carapace  
  37  4:09  Overlord  
  37  4:15  Hatchery  
  36  4:23  Zergling x14  
  39  4:43  Zergling x12  
  45  4:52  Drone x3  
  48  4:56  Zerg Melee Weapons Level 1  
  48  4:58  Drone x4  
  48  4:59  Zergling x2  
  53  5:09  Overlord  
  53  5:10  Zergling x2  
  54  5:20  Overlord  
  54  5:21  Overlord  
  54  5:28  Lair  
  54  5:29  Zergling x8  
  54  5:30  Zergling x6  
  61  5:50  Queen  
  61  5:55  Overlord  
  63  5:58  Zergling x14  
  70  6:06  Baneling  
  70  6:07  Baneling x4  
  70  6:08  Baneling  
  70  6:09  Overlord  
  70  6:10  Spine Crawler  
  70  6:11  Drone  
  70  6:13  Overlord, Spine Crawler  
  50  6:50  Drone  
  50  6:51  Drone x3  
  44  7:19  Nydus Network  
  44  7:21  Drone x3  
  44  7:22  Zergling x6, Extractor  
  48  7:47  Overlord x2, Drone x2  
  48  7:48  Hatchery, Drone x6  
  48  7:49  Drone x3  
  58  7:53  Drone x3  
  61  8:07  Overlord x2  
  61  8:11  Zerg Ground Armor Level 1  
  61  8:18  Evolution Chamber  
  60  8:26  Zergling x14  
  60  8:27  Zergling x4  
  69  8:32  Roach Warren  
  68  8:37  Roach Warren  
  67  8:42  Zergling x16  
  75  8:55  Overlord x2  
  75  8:56  Zergling x2  
  75  9:01  Extractor  
  75  9:02  Hydralisk Den  
  74  9:05  Drone  
  75  9:22  Glial Reconstitution  
  75  9:24  Tunneling Claws  
  72  9:26  Roach x8  
  72  9:27  Zergling x18  
  97  9:34  Extractor  
  96  9:42  Zergling x8  
  100  9:51  Nydus Canal  
  100  10:05  Nydus Canal  
  100  10:10  Zergling x26  
  113  10:20  Zergling x8  
  117  10:25  Zergling x4  
  117  10:26  Overlord  
  119  10:32  Queen  
  119  10:35  Roach x3  
  127  10:54  Muscular Augments  
  127  11:02  Zergling x18  
  127  11:03  Lurker Den  
  135  11:06  Drone  
  135  11:08  Extractor  
  135  11:11  Overlord x2, Drone  
  136  11:12  Overlord x4  
  136  11:17  Spore Crawler  
  135  11:31  Ravager x2  
  135  11:32  Ravager  
  140  11:33  Roach x10, Hydralisk  
  140  11:36  Overseer  
  140  11:37  Overseer x2  
  160  11:42  Overseer  
  160  11:45  Overlord x2  
  160  11:50  Roach  
  160  11:51  Roach x2  
  166  11:54  Drone  
  166  11:55  Overlord  
  167  12:03  Drone x3, Extractor  
  167  12:05  Grooved Spines  
  169  12:09  Hatchery  
  169  12:12  Zerg Ground Armor Level 2  
  169  12:14  Zerg Missile Weapons Level 1  
  153  12:29  Ravager x3  
  136  12:30  Ravager  
  136  12:31  Zergling x18  
  145  12:49  Roach x3, Hydralisk  
  145  12:50  Hydralisk x2  
  157  13:03  Hydralisk x4  
  165  13:08  Drone x2  
  165  13:09  Drone  
  168  13:14  Infestation Pit  
  168  13:19  Hydralisk x3  
  173  13:21  Drone  
  173  13:25  Drone x2  
  176  13:42  Queen  
  163  14:05  Roach x9  
  163  14:08  Overlord x2  
  163  14:20  Roach  
  163  14:21  Roach x7  
  167  14:28  Overlord x3  
  167  14:33  Roach  
  147  14:45  Roach  
  147  14:46  Roach x2  
  147  14:49  Hydralisk x2  
  147  14:50  Hydralisk  
  145  14:53  Zerg Missile Weapons Level 2  
  145  14:56  Drone  
  140  15:01  Roach x2  
  140  15:06  Roach x2  
  148  15:13  Roach x3  
  145  15:33  Hatchery  
  144  15:46  Drone  
  144  15:47  Drone x6  
  151  15:57  Extractor  
  151  16:02  Drone x3  
  153  16:06  Roach x2  
  157  16:20  Drone  
  157  16:21  Drone  
  157  16:22  Drone x2  
  161  16:26  Hatchery  
  160  16:52  Zergling x16  
  160  16:53  Zergling x18  
  177  16:54  Drone  
  177  16:55  Drone x2  
  174  17:32  Overlord x4  
  174  17:36  Overlord  
  174  17:37  Overlord x2  
  157  17:54  Swarm Host x10  
  157  17:55  Swarm Host x4  
  199  17:59  Hatchery  
  198  18:07  Overlord, Hatchery  
  197  18:12  Hydralisk  
  194  18:48  Roach x3  
  200  19:00  Roach  
  200  19:01  Roach x10  
  144  19:10  Spawning Pool  
  146  19:20  Evolution Chamber  
Tags
 
Matchup
TvZ
Replay Pack
init
Spawn Locations
Cross Positions
Add a new tag
Caveats
  • Supply blocks, unpowered buildings, or Contaminate may cause inaccurate times.
  • Supply counts are checked every 10 seconds.